 Dungeon Crawl Stone Soup version 0.26-a0-812-g31a745ddcd (webtiles) character file.

Game seed: 8308031229829684480

67 Dracia the Conjurer (level 4, -12/33 HPs)
             Began as a Draconian Conjurer on Dec 5, 2020.
             Mangled by Sigmund
             ... wielding a +0 scythe
              (13 damage)
             ... on level 2 of the Dungeon.
             The game lasted 00:02:51 (2053 turns).

Dracia the Conjurer (Draconian Conjurer)            Turns: 2053, Time: 00:02:52

Health: -12/33     AC:  5    Str:  9    XL:     4   Next: 0%
Magic:  1/8        EV: 12    Int: 20    God:
Gold:   45         SH:  0    Dex:  9    Spells: 6/9 levels left

rFire    . . .     SeeInvis .   d - +0 dagger
rCold    . . .     Faith    .   (no shield)
rNeg     . . .     Spirit   .   (armour unavailable)
rPois    .         Reflect  .   (helmet restricted)
rElec    .         Harm     .   (no cloak)
rCorr    .         Rampage  .   (no gloves)
MR       .....                  (no boots)
Stlth    ++........             (no amulet)
HPRegen  0.11/turn              (no ring)
MPRegen  0.11/turn              (no ring)

@: no status effects
A: unfitting armour, cold-blooded, AC +5
a: no special abilities


You were on level 2 of the Dungeon.
You visited 1 branch of the dungeon, and saw 2 of its levels.

You collected 45 gold pieces.


Innate Abilities, Weirdness & Mutations

Your plain brown scales are hard. (AC +5)
You cannot fit into any form of body armour.
You are cold-blooded and may be slowed by cold attacks.


   Skills:
 - Level 1.7 Dodging
 - Level 1.7 Stealth
 + Level 3.1 Spellcasting
 + Level 4.8 Conjurations


You had 6 spell levels left.
You knew the following spells:

 Your Spells              Type           Power        Failure   Level
s - Searing Ray           Conj           ###...       2%          2
z - Magic Dart            Conj           ###.         1%          1

Your spell library contained the following spells:

 Spells                   Type           Power        Failure   Level
 Dazzling Flash           Conj/Hex       ##....       16%         3
 Fulminant Prism          Conj/Hex       ##........   45%         4
 Iskenderun's Mystic Bla  Conj/Tloc      ##......     45%         4

Inventory:

Hand Weapons
 d - a +0 dagger (weapon)
Scrolls
 a - 2 scrolls of remove curse {unknown}
 b - a scroll of teleportation {unknown}
 c - a scroll of magic mapping {unknown}
 f - a scroll of fog {unknown}

Dungeon Overview and Level Annotations

Branches:
Dungeon (2/15)

Altars:

Annotations:
D:2 Sigmund

#.#.# #.#....#.#
#.#.####.#....!.#.#
####.#.#.............
.......#.##.# .......# ..
####.#.#.##.#.#..). .###<
#.#............ ..$..
#.###.##.####.# .... # #.#
#.##.# #.###..##.#
##.###.##†# #@#.@?.... .
##...##....####{#.#..#....
##.###.###..#........$.....
...# #.# #.........#..#.##.
##.###.# #.##.##.###..#
##...## #.##.##.# ..# #####
#.##.##.# ..# #.##.#... ..#
#......... ...


There were no monsters in sight!


Message History

The searing ray hits something.
You finish channeling your searing ray.
A magic dart appears from out of thin air!
The magic dart hits you. Something hits you. Something hits you.
Unknown command.
Casting: Searing Ray (safe; 2% risk of failure)
Confirm with . or Enter, or press ? or * to list all spells.
Press: ? - help, Shift-Dir - straight line The searing ray hits something. (Press . to maintain the ray.) Without enough magic to sustain it, your searing ray dissipates.
Something barely misses you.
You hear some strange, mumbled words.
A puff of flame appears from out of thin air!
The puff of flame hits you!
* * * LOW HITPOINT WARNING * * *
Unknown command.
Something hits you.
* * * LOW HITPOINT WARNING * * *
Things that are here:
a +0 club; a hobgoblin corpse You completely miss something.
You miss something. Something hits you.
* * * LOW HITPOINT WARNING * * *
You barely miss something. Something hits you but does no damage.
Unknown command.
It was a potion of cancellation.
You feel magically purged.
You closely miss something. Something hits you!
You die...

Skill      XL: |  1  2  3 |
---------------+----------+-----
Spellcasting   | 3 |  3.1
Dodging        | |  1.7
Stealth        | |  1.7
Conjurations   | |  4.8

Action                   |  1- 3 |  4- 6 || total
-------------------------+-------+-------++-------
Melee: Unarmed           |    53 |       ||    53
       Dagger            |    45 |     4 ||    49
       Tailslap          |    11 |       ||    11
 Cast: Magic Dart        |    46 |       ||    46
       Searing Ray       |     3 |     2 ||     5
  Use: Potion            |       |     1 ||     1
 Stab: Sleeping          |     2 |       ||     2
Armor: Skin              |    65 |     1 ||    66
Dodge: Dodged            |   105 |     2 ||   107

Levels and vault maps discovered:
D:1:      dpeg_arrival_radiant, layout_basic
D:2:      layout_loops_ring, cheibrodos_gnoll_hut, uniq_sigmund

Notes
Turn   | Place    | Note
-------+----------+-------------------------------------------
     0 | D:1      | Dracia the Draconian Conjurer began the quest for the Orb.
     0 | D:1      | Reached XP level 1. HP: 14/14 MP: 3/3
   147 | D:1      | Reached XP level 2. HP: 19/20 MP: 1/5
   341 | D:1      | Learned a level 2 spell: Searing Ray
   840 | D:1      | Reached XP level 3. HP: 26/26 MP: 0/7
  1607 | D:2      | Reached skill level 3 in Spellcasting
  2031 | D:2      | Noticed Sigmund
  2038 | D:2      | Reached XP level 4. HP: 29/33 MP: 5/8
  2050 | D:2      | HP: 1/33 [something (4)]
  2053 | D:2      | Mangled by Sigmund

Vanquished Creatures
  A gnoll (D:2)
  An adder (D:2)
  3 dart slugs
  6 bats
  5 giant cockroaches
  4 goblins (D:1)
  6 hobgoblins
  2 jackals (D:2)
  A ball python (D:2)
  A frilled lizard (D:1)
  4 kobolds
  5 rats
39 creatures vanquished.

Table legend: (Time is in decaauts)
 A = Elapsed time spent in this place.
 B = Non-inter-level travel time spent in this place.
 C = Inter-level travel time spent in this place.
 D = Time resting spent in this place.
 E = Time spent auto-exploring this place.
 F = Levels seen in this place.
 G = Mean time per level.
                   A        B        C        D        E       F      G
               +--------+--------+--------+--------+--------+-----+--------+
         Total |   2052 |   1992 |     60 |    251 |   1451 |   2 | 1026.0 |
       Dungeon |   2052 |   1992 |     60 |    251 |   1451 |   2 | 1026.0 |
               +--------+--------+--------+--------+--------+-----+--------+

Top non-repeatable levels by time:
     D:1: 1283 daAuts
     D:2: 768 daAuts

Table legend:
 A = Non-vault XP
 B = Vault XP
 C = Vault XP percentage of total XP
 D = Non-vault monster count
 E = Vault monster count
 F = Vault count percentage of total count
                 A         B        C        D         E       F
            +---------+---------+-------+---------+---------+-------
      Total |      79 |      18 |  18.6 |      36 |       3 |   7.7
            +---------+---------+-------+---------+---------+-------
        D:1 |      47 |       0 |   0.0 |      25 |       0 |   0.0
        D:2 |      32 |      18 |  36.0 |      11 |       3 |  21.4
            +---------+---------+-------+---------+---------+-------
